Description

test

Replay - 海神信使 - 天梯版 (15)

Build Order

Get SALT Encoding   

  12  0:00  Probe  
  13  0:12  Probe  
  14  0:20  Pylon  
  14  0:25  Probe  
  15  0:39  Probe (Chrono Boost)  
  15  0:40  Gateway  
  16  0:45  Assimilator  
  16  0:47  Probe (Chrono Boost)  
  17  0:53  Assimilator, Probe  
  18  1:05  Probe (Chrono Boost)  
  19  1:17  Probe (Chrono Boost)  
  20  1:20  Gateway  
  20  1:28  Cybernetics Core  
  20  1:30  Pylon  
  20  1:32  Probe  
  21  1:44  Probe  
  23  2:03  Warp Gate  
  23  2:06  Adept x2 (Chrono Boost)  
  27  2:16  Stargate  
  27  2:29  Adept  
  29  2:34  Adept  
  31  2:42  Pylon x2  
  31  2:54  Robotics Facility  
  31  3:06  Pylon  
  31  3:10  Shield Battery  
  31  3:14  Oracle  
  34  3:27  Nexus  
  34  3:46  Immortal (Chrono Boost)  
  39  3:57  Stalker  
  42  4:16  Observer (Chrono Boost)  
  43  4:18  Stalker  
  46  4:35  Immortal (Chrono Boost)  
  51  5:04  Forge  
  51  5:06  Gateway  
  52  5:12  Stalker  
  55  5:19  Sentry  
  59  5:29  Immortal  
  65  5:36  Protoss Ground Weapons Level 1 (Chrono Boost)  
  67  5:56  Assimilator x2  
  69  6:08  Immortal  
  77  6:26  Twilight Council  
  77  6:28  Gateway  
  77  6:36  Observer  
  77  6:38  Gateway x2  
  79  6:49  Immortal  
  83  7:00  Charge (Chrono Boost)  
  83  7:03  Templar Archives  
  83  7:07  Zealot x3  
  89  7:25  Nexus  
  89  7:26  Zealot  
  91  7:38  Psionic Storm  
  91  7:39  High Templar  
  91  8:18  High Templar x4  
  91  8:19  Zealot x2  
  92  8:26  Gateway x3, Immortal (Chrono Boost)  
  98  8:38  Shield Battery x2  
  99  8:41  Archon x2  
  99  8:42  High Templar  
  99  8:43  Zealot  
  99  8:48  Archon  
  104  8:50  Photon Cannon  
  106  8:59  Zealot x3, High Templar  
  116  9:04  Assimilator  
  106  9:18  High Templar  
  102  9:27  Archon  
Spawning Tool Build Advisor. Get it on Overwolf

Go to:

Details

  • Created by: chiangtien
  • Published on: Dec 09, 2019
  • Modified on: Dec 09, 2019
  • Patch: 4.11.0
Show
View Real Time Build Order
Export as new Build Order

Comments (0)

There are no comments. Be the first!

Create an account to comment!